Map: Ever Dream LE

Players

Silky - Winner!

  • Race: Zerg Zerg
  • Spawn Location: 1:00

DisK

  • Race: Protoss Protoss
  • League: Master
  • Spawn Location: 7:00

Event: DreamHack SC2 Masters 2020 Summer North America

VOD

Have the link to the VOD?

Description

Time

  • Played on: July 5, 2020, 2:33 p.m.
  • Length: 9:08

All games in this series

Show
View Real Time Build Order
Export as new Build Order

Silky Zerg - Winner!

Build Orders: Hatch First 

Get SALT Encoding   

  12  0:00  Drone  
  13  0:13  Overlord  
  13  0:17  Drone  
  14  0:31  Drone  
  14  0:32  Drone  
  16  0:47  Hatchery  
  15  0:51  Drone  
  15  0:54  Drone  
  17  0:57  Drone  
  18  1:08  Extractor  
  17  1:13  Spawning Pool  
  17  1:15  Drone  
  17  1:20  Drone  
  18  1:28  Drone  
  19  1:39  Drone  
  20  1:49  Hatchery  
  20  1:50  Drone  
  20  2:00  Queen  
  22  2:03  Drone  
  22  2:07  Drone  
  24  2:13  Drone  
  24  2:14  Overlord  
  25  2:21  Queen  
  27  2:26  Drone  
  28  2:31  Metabolic Boost  
  28  2:34  Drone  
  29  2:38  Overlord  
  29  2:41  Drone  
  29  2:44  Drone  
  31  2:45  Drone  
  32  2:53  Drone  
  32  2:54  Queen  
  35  3:00  Drone  
  35  3:01  Drone  
  35  3:03  Queen  
  39  3:06  Zergling x2  
  39  3:09  Drone  
  41  3:14  Overlord  
  41  3:15  Drone  
  42  3:22  Drone x2  
  42  3:26  Drone  
  45  3:32  Drone x2  
  45  3:33  Drone x2  
  49  3:36  Queen  
  49  3:38  Spore Crawler  
  49  3:39  Drone  
  51  3:43  Drone x2, Spore Crawler  
  51  3:44  Drone  
  51  3:47  Overlord  
  53  3:51  Overlord  
  53  3:55  Zergling x2  
  53  3:58  Zergling x2  
  55  4:02  Zergling x2  
  55  4:05  Zergling x2  
  55  4:09  Drone x3  
  59  4:11  Zergling x2  
  59  4:12  Zergling x10  
  59  4:15  Queen  
  67  4:20  Roach Warren  
  67  4:23  Overlord  
  66  4:24  Overlord  
  66  4:25  Drone  
  66  4:30  Extractor  
  66  4:31  Zergling x6  
  66  4:37  Spine Crawler  
  67  4:42  Drone x3, Spore Crawler  
  66  5:00  Zergling x20  
  66  5:05  Roach x2  
  78  5:11  Spine Crawler  
  78  5:12  Roach x2  
  81  5:16  Roach  
  81  5:20  Roach x3, Zergling x4  
  90  5:24  Overlord  
  89  5:32  Zergling x8  
  87  5:36  Overlord  
  87  5:37  Overlord  
  82  5:43  Ravager  
  82  5:44  Ravager x3  
  82  5:46  Zergling x2  
  82  5:47  Roach  
  88  5:52  Zergling x6  
  86  5:59  Queen  
  86  6:01  Zergling x4  
  87  6:05  Ravager  
  87  6:06  Spine Crawler x2  
  87  6:07  Zergling x2  
  87  6:14  Zergling x4  
  87  6:15  Zergling x6  
  87  6:18  Zergling x8  
  89  6:19  Ravager  
  89  6:21  Hatchery  
  89  6:24  Zergling x4  
  88  6:33  Zergling x4  
  88  6:37  Ravager, Zergling x8  
  94  6:44  Zergling x4  
  93  6:50  Roach x2, Zergling x4  
  99  6:54  Zergling x2  
  97  7:01  Roach x2  
  97  7:08  Zergling x10  
  99  7:10  Zergling x6  
  99  7:12  Ravager  
  99  7:14  Zergling x6  
  103  7:23  Zergling x4  
  103  7:24  Zergling x4  
  103  7:28  Ravager x2  
  105  7:31  Zergling x4  
  105  7:37  Zergling x10  
  99  7:38  Queen  
  101  7:44  Zergling x10  
  107  7:53  Overlord  
  107  7:57  Overlord  
  107  7:58  Overlord  
  104  8:16  Zergling x16  
  112  8:22  Zergling x4  
  104  8:39  Zergling x4  
  104  8:40  Zergling x12  
  106  9:06  Hatchery  
Show
View Real Time Build Order
Export as new Build Order

DisK Protoss 

Build Orders: 1 Gate Expand, Blink Stalkers 

Get SALT Encoding   

  12  0:00  Probe  
  13  0:12  Probe  
  14  0:18  Pylon  
  14  0:24  Probe  
  15  0:33  Probe  
  15  0:38  Gateway  
  15  0:41  Probe  
  16  0:47  Assimilator  
  17  0:51  Probe  
  18  1:03  Probe  
  19  1:15  Probe  
  20  1:23  Nexus  
  20  1:33  Cybernetics Core  
  20  1:37  Probe  
  21  1:42  Assimilator  
  21  1:49  Probe  
  21  1:52  Pylon  
  22  1:58  Probe  
  22  2:01  Stalker  
  23  2:06  Probe  
  23  2:13  Warp Gate  
  26  2:20  Probe  
  27  2:28  Twilight Council  
  27  2:31  Probe  
  27  2:32  Adept  
  27  2:33  Probe  
  31  2:39  Probe  
  32  2:44  Blink  
  32  2:45  Probe  
  32  2:50  Probe  
  34  3:01  Adept  
  36  3:05  Probe  
  36  3:09  Probe  
  36  3:11  Gateway  
  38  3:17  Probe  
  39  3:21  Robotics Facility  
  39  3:23  Probe  
  40  3:30  Probe  
  41  3:40  Pylon  
  41  3:43  Gateway  
  41  3:46  Gateway  
  42  3:48  Probe x2  
  43  4:00  Gateway  
  43  4:01  Gateway  
  43  4:02  Warp Prism  
  43  4:06  Stalker x2  
  49  4:18  Pylon  
  49  4:19  Assimilator  
  49  4:21  Probe x2  
  51  4:25  Pylon  
  51  4:33  Pylon  
  47  4:51  Adept  
  47  4:52  Stalker x3  
  55  4:56  Stalker x2  
  59  5:07  Pylon  
  59  5:15  Stalker x4, Observer  
  68  5:23  Zealot x2  
  68  5:42  Stalker x4  
  70  6:02  Stalker x2  
  74  6:06  Stalker x3  
  74  6:07  Stalker  
  82  6:16  Observer  
  72  6:28  Stalker x2  
  76  6:33  Stalker  
  76  6:34  Stalker  
  76  6:35  Zealot x2  
  84  7:01  Stalker x2  
  86  7:05  Zealot, Pylon x2  
  84  7:13  Adept  
  86  7:20  Zealot  
  86  7:23  Zealot x2  
  86  7:28  Cybernetics Core  
  86  7:29  Observer  
  86  7:31  Zealot  
  86  7:32  Zealot x2  
  88  7:42  Zealot x3  
  94  7:49  Robotics Bay  
  94  7:54  Observer  
  94  8:05  Zealot x4  
  89  8:25  Stalker  
  89  8:26  Stalker x5  
  49  8:55  Stalker  
Tags
 
Add a new tag
Caveats
  • Supply blocks, unpowered buildings, or Contaminate may cause inaccurate times.
  • Supply counts are checked every 10 seconds.